 Dungeon Crawl Stone Soup version 0.28-a0-1510-gd0f6b136d3 (webtiles) character file.

Game seed: 16661951910396486280

3 Demosthentine the Chopper (level 1, -2/11 HPs)
             Began as a Vine Stalker Chaos Knight on Jan 15, 2022.
             Was a Plaything of Xom.
             Splashed by a jelly's acid (5 damage)
             ... on level 1 of the Dungeon.
             The game lasted 00:00:15 (14 turns).

Demosthentine the Chopper (Vine Stalker Chaos Knight) Turns: 14, Time: 00:00:15

Health: -2/11      AC:  1    Str: 14    XL:     1   Next: 50%
Magic:  0/2        EV: 11    Int: 12    God:    Xom [..*...]
Gold:   0          SH:  0    Dex: 13    Spells: 0/0 levels left

rFire   . . .      SeeInvis .   a - +0 hand axe (chaos)
rCold   . . .      Faith    .   (no shield)
rNeg    . . .      Spirit   +   b - +2 leather armour
rPois   .          Reflect  .   (no helmet)
rElec   .          Harm     .   (no cloak)
rCorr   .          Rampage  .   (no gloves)
Will    .....                   (no boots)
Stlth   +.........              (no amulet)
HPRegen 0.03/turn               (no ring)
MPRegen 0.08/turn               (no ring)

@: corroded, invisible
A: fangs 2, magic shield, antimagic bite, no potion heal 2
a: Renounce Religion


You were on level 1 of the Dungeon.
You worshipped Xom.
You were a toy of Xom.
You visited 1 branch of the dungeon, and saw 1 of its levels.

Inventory:

Hand Weapons
 a - a +0 hand axe of chaos (weapon)
Armour
 b - a +2 leather armour (worn)


   Skills:
 + Level 2.7 Fighting
 + Level 2.7 Axes
 + Level 1.6 Armour
 + Level 0.9 Dodging


You couldn't memorise any spells.
You didn't know any spells.
Your spell library was empty.

Dungeon Overview and Level Annotations

Branches:
Dungeon (1/15)

Altars:


Innate Abilities, Weirdness & Mutations

You have extremely sharp teeth.
When hurt, damage is shared between your health and your magic reserves.
Your bite disrupts and absorbs the magic of your enemies.
Potions cannot restore your health.


Message History

You hit the jackal. You freeze the jackal.
The jackal is severely wounded.
You hit the rat.
You kill the rat!
The jackal closely misses you.
You barely miss the jackal. You bite the jackal.
You kill the jackal!
You miss the jackal. The jackal completely misses you.
The jackal barely misses you. The jackal bites you.
You see here a jackal corpse.
You hit the jackal but do no damage. Your bite misses the jackal.
Xom grants you a minor favour.
You fade into invisibility!
The jackal closely misses you. The jackal barely misses you.
Unknown command.
You barely miss the jackal. The jackal completely misses you.
The jackal closely misses you.
Unknown command.
You hit the jackal.
You feel better.
The jackal is lightly wounded.
The jackal bites you but does no damage.
You miss the jackal. You bite the jackal. You drain its power.
The jackal is moderately wounded.
The jackal closely misses you. The jackal barely misses you.
You catch the helpless jackal completely off-guard!
You hit the jackal.
You kill the jackal!
You hit the jelly.
You feel better.
Your hands burn!
The jelly is moderately wounded.
The jelly completely misses you.
You slash the jelly!
The jelly flickers and vanishes!
Deactivating autopickup; reactivate with Ctrl-A.
The acid corrodes you!
Your hands burn!
* * * LOW HITPOINT WARNING * * *
You bite something. You drain its power.
You feel invigorated. Something barely misses you. Something hits you.
You are splashed with acid.
You die...
Xom thinks this is hilarious!

###+#######+###
#..⌠...>...⌠..#
#!.....<......#
+⌠....###....⌠+
#.....@†......#
#######{#######
# ...JJrB.....#
#.....wrJ.....#
#.............#
###############


You could see a worm, 3 endoplasms, a giant cockroach and 2 rats.

Vanquished Creatures
  2 jackals (D:1)
  A rat (D:1)
3 creatures vanquished.

Notes
Turn   | Place    | Note
-------+----------+-------------------------------------------
     0 | D:1      | Demosthentine the Vine Stalker Chaos Knight began the quest
                  | for the Orb.
     0 | D:1      | Reached XP level 1. HP: 11/11 MP: 2/2
     0 | D:1      | Noticed a jelly
     1 | D:1      | Found a runed translucent door.
     7 | D:1      | XOM: potion effect (invisibility)
    14 | D:1      | Splashed by a jelly's acid

Illustrated notes

Levels and vault maps discovered:
D:1:      dpeg_arrival_caged_fury, layout_loops_cross,
          dreamdust_ecumenical_altar_angels_and_demons,
          hangedman_decor_peaks_small, minmay_shallow_snake_nest

Action                   || total
-------------------------++-------
Melee: Hand axe          ||     9
       Bite              ||     3
 Stab: Invisible         ||     1
Armor: Leather armour    ||     1
Dodge: Dodged            ||    11

Table legend: (Time is in decaauts)
 A = Elapsed time spent in this place.
 B = Non-inter-level travel time spent in this place.
 C = Inter-level travel time spent in this place.
 D = Time resting spent in this place.
 E = Time spent auto-exploring this place.
 F = Levels seen in this place.
 G = Mean time per level.
                   A        B        C        D        E       F      G
               +--------+--------+--------+--------+--------+-----+--------+
         Total |     15 |     15 |      0 |      0 |      0 |   1 |   15.0 |
       Dungeon |     15 |     15 |      0 |      0 |      0 |   1 |   15.0 |
               +--------+--------+--------+--------+--------+-----+--------+

Top non-repeatable levels by time:
     D:1: 15 daAuts
